 Dungeon Crawl Stone Soup version 0.26-a0-672-g1df16c3386 (webtiles) character file.

Game seed: 17837028864874649148

71747 mandarbmax the Warrior (level 15, -4/131 HPs)
             Began as a Barachi Ice Elementalist on Oct 19, 2020.
             Was an Initiate of Gozag.
             Slain by a swamp worm (12 damage)
             ... on level 1 of the Swamp.
             The game lasted 02:22:31 (38169 turns).

mandarbmax the Warrior (Barachi Ice Elementalist)  Turns: 38169, Time: 02:22:33

Health: -4/131     AC: 17    Str: 21    XL:     15   Next: 37%
Magic:  3/27       EV: 18    Int: 16    God:    Gozag
Gold:   3755       SH:  5    Dex: 12    Spells: 4/30 levels left

rFire    x . .     SeeInvis .   N - +1 falchion (holy)
rCold    + + .     Faith    .   a - +0 buckler
rNeg     . . .     Spirit   .   s - +3 ring mail of Fehoo {+Fly rC+}
rPois    .         Reflect  .   x - +1 helmet
rElec    .         Harm     .   D - scarf {+Inv}
rCorr    .         Rampage  .   y - +0 pair of gloves {Str+3}
MR       +....     Rnd*Rage +   Y - +2 pair of boots {Fly}
Stlth    +.........             V - amulet of Aveizije {Acrobat Slay+3}
HPRegen  0.31/turn              G - +6 ring of strength
MPRegen  0.20/turn              m - ring of ice

@: flying, slow
A: +LOS, swims, talons 1, berserk 1, clumsy 1, dopey 1, sense surroundings 1,
slowness 1, strong legs 2
a: Hop, Potion Petition, Call Merchant, Bribe Branch, Renounce Religion, Evoke
Invisibility, Stop Flying


You were on level 1 of the Swamp.
You worshipped Gozag.
Gozag was most pleased with you.
You visited 5 branches of the dungeon, and saw 20 of its levels.
You also visited: Ice Cave and Volcano.

You collected 7321 gold pieces.
You spent 3455 gold pieces at shops.
You paid 111 gold pieces to Gozag.

Inventory:

Hand Weapons
 N - a +1 falchion of holy wrath (weapon)
 S - a +4 great sword of electrocution
Missiles
 p - 2 throwing nets
 z - 70 poisoned darts (quivered)
Armour
 a - a +0 buckler (worn)
 e - a +2 pair of gloves
 n - a +2 scale mail of fire resistance
 q - +0 steam dragon scales
 s - the +3 ring mail of Fehoo (worn) {+Fly rC+}
   (You found it in an ice cave)

   It protects you from cold.
   It lets you fly.
 x - a +1 helmet (worn)
 y - a +0 pair of gloves of strength (worn)
 D - a scarf of invisibility (worn)
 X - a +0 helmet of see invisible
 Y - a +2 pair of boots of flying (worn)
Magical Staves
 E - an uncursed staff of cold
 R - an uncursed staff of poison
 U - an uncursed staff of conjuration
Jewellery
 f - an uncursed ring of protection from fire
 m - a ring of ice (right hand)
 v - an uncursed ring of positive energy
 B - an uncursed ring of protection from magic
 G - a +6 ring of strength (left hand)
 P - an uncursed ring of magical power
 T - an uncursed ring of protection from cold
 V - the amulet of Aveizije (around neck) {Acrobat Slay+3}
   (You found it on level 5 of the Lair of Beasts)

   [amulet of the acrobat]

   It helps you evade while moving and waiting.
   It affects your accuracy and damage with ranged weapons and melee attacks
   (+3).
Wands
 u - a wand of iceblast (5)
 H - a wand of polymorph (27)
 K - a wand of digging (3)
 M - a wand of paralysis (24)
Scrolls
 c - 9 scrolls of fear
 i - 12 scrolls of remove curse
 k - 3 scrolls of immolation
 r - 3 scrolls of amnesia
 t - a scroll of enchant weapon
 w - 9 scrolls of teleportation
 I - 2 scrolls of identify
 L - a scroll of brand weapon
 O - 2 scrolls of fog
Potions
 b - 3 potions of might
 g - 4 potions of flight
 j - a potion of brilliance
 l - 5 potions of curing
 o - 3 potions of cancellation
 A - 3 potions of lignification
 C - 5 potions of haste
 F - 2 potions of magic
 Q - a potion of berserk rage
 W - a potion of stabbing
 Z - a potion of mutation
Miscellaneous
 d - a phial of floods
 h - a box of beasts (inert)
 J - a phantom mirror


   Skills:
 - Level 16.0 Fighting
 - Level 3.0 Staves
 - Level 10.0 Armour
 - Level 13.0 Dodging
 - Level 1.7 Stealth
 - Level 4.0 Shields
 - Level 8.0 Spellcasting
 - Level 3.0 Conjurations
 - Level 13.0 Summonings
 - Level 4.0 Translocations
 + Level 10.2 Ice Magic
 - Level 7.0 Evocations


You had 4 spell levels left.
You knew the following spells:

 Your Spells              Type           Power        Failure   Level
a - Freeze                Ice            ####         1%          1
b - Frozen Ramparts       Ice            ######       1%          3
c - Ozocubu's Armour      Ice            ######..     1%          3
d - Summon Ice Beast      Ice/Summ       ######..     1%          4
e - Hailstorm             Conj/Ice       #####...     11%         4
f - Shadow Creatures      Summ           N/A          12%         6
g - Summon Forest         Summ/Tloc      ####......   14%         5

Your spell library contained the following spells:

 Spells                   Type           Power        Failure   Level
 Call Imp                 Summ           #####...     1%          2
 Ensorcelled Hibernation  Hex/Ice        ####..       3%          2
 Magic Dart               Conj           ###.         4%          1
 Blink                    Tloc           N/A          4%          2
 Gell's Gravitas          Tloc           ###.......   10%         3
 Animate Skeleton         Necr           #.....       16%         1
 Corona                   Hex            #......      16%         1
 Pain                     Necr           #...         16%         1
 Corpse Rot               Necr/Air       N/A          24%         2
 Slow                     Hex            #.......     24%         2
 Conjure Flame            Conj/Fire      ##......     26%         3
 Dazzling Flash           Conj/Hex       ##....       26%         3
 Stone Arrow              Conj/Erth      ##....       26%         3
 Mephitic Cloud           Conj/Pois/Air  #.......     32%         3
 Confusing Touch          Hex            #.......     43%         3
 Tukima's Dance           Hex            #.......     43%         3
 Vampiric Draining        Necr           #.........   43%         3
 Animate Dead             Necr           #.........   85%         4
 Petrify                  Tmut/Erth      #.......     85%         4
 Metabolic Englaciation   Hex/Ice        ####......   50%         5
 Summon Hydra             Summ           #####.....   54%         7
 Agony                    Necr           #.......     99%         5
 Borgnjor's Vile Clutch   Necr/Erth      #.........   99%         5
 Silence                  Hex/Air        #.........   99%         5
 Yara's Violent Unravell  Hex/Tmut       #.........   99%         5
 Eringya's Noxious Bog    Tmut/Pois      #.........   100%        6
 Hydra Form               Tmut           #.........   100%        6


Dungeon Overview and Level Annotations

Branches:
Dungeon (10/15)            Temple (1/1) D:5            Lair (6/6) D:9
  Swamp (1/4) Lair:2       Spider (0/4) Lair:2        Slime (0/5) Lair:6
    Orc (2/2) D:10            Elf (0/3) Orc:2         IceCv (visited)
Volcano (visited)

Altars:
Ashenzari
Cheibriados
Dithmenos
Elyvilon
Fedhas
Gozag
Hepliaklqana
Kikubaaqudgha
Makhleb
Nemelex Xobeh
Okawaru
Qazlal
Ru
Sif Muna
Trog
Uskayaw
Vehumet
Wu Jian
Xom
Yredelemnul
Zin
The Shining One

Shops:
D:5 }   D:6 ?   D:9 (   Orc:1 [   Orc:2 *(!*

Annotations:
D:8 exclusion: 4 orange crystal statues
D:9 3 runed translucent doors, Ludicrosity's ghost, novice MiFi
Swamp:1 2 transporters, Carnifexus's ghost, journeyman MiBe


Innate Abilities, Weirdness & Mutations

You can be seen from farther away. (+LOS)
You can swim through water.
You cover ground slowly.
You can hop long distances.
You have sharp toenails.
You tend to lose your temper in combat.
You are clumsy. (Dex -2)
You are dopey. (Int -2)
You passively map a small area around you.


Message History

Press: ? - help, Shift-Dir - straight line, f - tyrant leech
Aim: a tyrant leech (severely wounded)
Okay, then.
Evoke which item? (* to show all) (? for menu, Esc to quit)
Aiming: Paralyse
Press: ? - help, Shift-Dir - straight line, f - tyrant leech
Aim: a tyrant leech (severely wounded, chance to defeat MR: 50%)
The tyrant leech resists with some effort.
Your ice beast hits the tyrant leech but does no damage.
The swamp worm bites you!
* * * LOW HITPOINT WARNING * * *
The tyrant leech bites you but does no damage.
You feel better. You block the swamp worm's attack.
Your ice beast barely misses the tyrant leech.
The tyrant leech bites you!
* * * LOW HITPOINT WARNING * * *
The tyrant leech draws strength from your injuries!
The swamp worm bites you!
You die...
Your body crumbles into a pile of gold.

,,≈*,* *♣..♣.♣≈≈≈♣,≈*.♣
,≈≈≈,* *♣.Y≈≈.≈.♣,,..♣
,≈,,,* ♣...§≈≈.♣,≈≈.♣♣
,≈,≈≈* ♣.≈≈≈≈≈≈♣,≈≈≈.♣
,≈,,,** ♣≈..≈≈.≈♣$.≈≈♣*
≈≈≈≈≈,* *≈*♣≈≈≈.♣?≈≈.♣♣
≈≈≈≈≈,* *,*♣.≈≈Y♣...≈.♣
≈≈,≈,,**♣♣.♣♣.≈.w..≈..♣♣***
,≈,,,≈,*♣....≈≈≈@≈.≈...♣*,**
≈≈,*,,,*.♣♣.≈.§≈w≈♣≈≈≈.♣,,,*
≈≈,*,≈*,*,♣.♣.§≈.♣♣♣♣♣)≈.,**
≈≈≈*,,,**≈.....≈..,,≈≈≈≈≈≈*
,,**,*,*≈≈≈♣..≈♣≈.≈,,,≈≈♣,*
≈≈**,*,,..♣≈..≈.≈≈≈≈≈≈≈≈***
≈*,**,*,≈≈.♣....♣..,,**≈*
*,**,,*,..♣♣♣≈≈♣*.≈.***≈**
*,**,***≈♣* ♣.≈**.≈.**,,,*


You could see a tyrant leech, a swamp worm and 2 friendly ice beasts.

Vanquished Creatures
  A tentacled monstrosity (Swamp:1)
  A red draconian (Volcano)
  An ettin (Orc:2)
  A blizzard demon (IceCv)
  3 boulder beetles (Lair:5)
  A catoblepas (Lair:6)
  3 hydras
  A queen ant (Lair:2)
  2 two-headed ogres
  4 death yaks (Lair:6)
  An alligator (Swamp:1)
  2 orc high priests (Orc:2)
  A salamander mystic (Volcano)
  An unseen horror (D:7)
  A swamp dragon (Swamp:1)
  Pikel (D:6)
  3 orc knights (Orc:2)
  5 orc sorcerers (Orc:2)
  5 salamanders (Volcano)
  Maurice (D:8)
  6 elephants
  11 nameless horrors
  2 black mambas
  A molten gargoyle (Volcano)
  13 cane toads
  2 rime drakes
  3 komodo dragons
  4 ice devils (IceCv)
  2 anaconda simulacra (IceCv)
  A polar bear (Lair:5)
  3 trolls
  A jumping spider (Lair:5)
  A hornet (Swamp:1)
  6 dream sheep
  A bog body (Lair:2)
  10 blink frogs
  Sigmund (D:3)
  2 wyverns
  2 redbacks (Lair:5)
  5 dire elephant simulacra (IceCv)
  24 yaks
  Eustachio (D:4)
  2 basilisks
  4 fire bats (Volcano)
  Edmund (D:6)
  Menkaure (D:5)
  5 soldier ants (Lair:2)
  5 wargs
  4 swamp worms (Lair:2)
  6 harpy simulacra (IceCv)
  An insubstantial wisp (Swamp:1)
  Duvessa (D:6)
  3 hydra simulacra (IceCv)
  5 water moccasins
  19 orc warriors
  A sky beast (D:6)
  2 black bears
  An eye of draining (D:10)
  3 phantoms
  3 ogres
  23 wolves
  2 centaurs
  3 lemures (D:6)
  11 bullfrogs
  Dowan (D:6)
  4 scorpions
  12 killer bees
  15 wights
  9 electric eels
  3 lava snakes (Volcano)
  A bullfrog skeleton (D:7)
  2 bullfrog zombies
  A centaur zombie (D:5)
  2 draconian simulacra (IceCv)
  A centaur skeleton (D:8)
  10 hounds
  2 jellies
  13 orc priests
  25 orc wizards
  A human zombie (D:7)
  6 iguanas
  A human skeleton (D:7)
  25 worker ants
  A polar bear simulacrum (IceCv)
  A troll simulacrum (IceCv)
  A wolf simulacrum (IceCv)
  A centaur simulacrum (IceCv)
  2 hound zombies
  7 gnolls
  2 ogre simulacra (IceCv)
  18 adders
  A naga simulacrum (IceCv)
  7 white imps (IceCv)
  3 ufetubi (IceCv)
  An ooze (D:2)
  An adder skeleton (D:4)
  An adder zombie (D:5)
  4 worms
  2 dart slugs (D:1)
  5 leopard geckos
  88 orcs
  9 giant cockroaches
  10 goblins
  7 hobgoblins
  3 jackals (D:7)
  11 kobolds
  4 quokkas
  2 ball pythons
  6 bats
  6 frilled lizards
  2 jackal zombies
  3 quokka skeletons
  6 rats
596 creatures vanquished.

Vanquished Creatures (collateral kills)
  Saint Roka (Orc:2)
  Rupert (Lair:4)
  Kirke (Lair:5)
  An orc warlord (Orc:2)
  2 hydras
  An ice dragon (Swamp:1)
  A deep troll shaman (Lair:6)
  2 death yaks (Lair:6)
  An orc high priest (Orc:2)
  2 orc knights (Orc:2)
  An orc sorcerer (Orc:2)
  A wolf spider (Lair:5)
  5 elephants
  An ice statue (IceCv)
  Maggie (D:7)
  2 cane toads
  2 nameless horrors (Orc:2)
  4 ice devils (IceCv)
  A golden dragon simulacrum (IceCv)
  A freezing wraith (IceCv)
  2 tyrant leeches (Swamp:1)
  A troll (Orc:2)
  A hornet (Swamp:1)
  A bog body (Swamp:1)
  A polar bear (Lair:2)
  Grinder (D:5)
  3 slime creatures (Swamp:1)
  9 dream sheep
  3 blink frogs (Lair:6)
  2 spriggans (Swamp:1)
  5 wraiths (D:7)
  A redback (Lair:5)
  A basilisk (Lair:3)
  A fire bat (Volcano)
  4 hogs (Lair:5)
  11 yaks
  A dire elephant simulacrum (IceCv)
  A warg (Orc:1)
  4 insubstantial wisps (Swamp:1)
  2 swamp worms (Swamp:1)
  A hydra simulacrum (IceCv)
  2 water moccasins
  2 black bears (Lair:6)
  8 orc warriors
  2 ice beasts
  4 ogres
  A necrophage (D:7)
  5 wolves (Lair:2)
  3 phantoms
  2 bullfrogs
  An electric eel (Lair:5)
  9 wights
  4 lava snakes (Volcano)
  A draconian simulacrum (IceCv)
  2 hounds
  4 orc priests (Orc:2)
  A human zombie (D:7)
  An iguana (D:8)
  2 jellies
  7 orc wizards
  A worker ant (D:7)
  A troll simulacrum (IceCv)
  A wolf simulacrum (IceCv)
  2 gnolls (D:7)
  An ogre simulacrum (IceCv)
  5 white imps
  4 ufetubi
  13 orcs
177 creatures vanquished.

Vanquished Creatures (others)
  A blizzard demon (IceCv)
  A nameless horror (Volcano)
  A swamp worm (Lair:2)
  An orc warrior (Orc:2)
  3 wolves (Lair:2)
  39 fungi
  94 plants
140 creatures vanquished.

Grand Total: 913 creatures vanquished

Notes
Turn   | Place    | Note
-------+----------+-------------------------------------------
     0 | D:1      | mandarbmax the Barachi Ice Elementalist began the quest for
                  | the Orb.
     0 | D:1      | Reached XP level 1. HP: 13/13 MP: 3/3
    18 | D:1      | Reached skill level 5 in Ice Magic
   169 | D:1      | Reached XP level 2. HP: 7/19 MP: 0/5
  1100 | D:1      | Reached XP level 3. HP: 22/24 MP: 2/7
  1409 | D:2      | Learned a level 3 spell: Frozen Ramparts
  1413 | D:2      | Learned a level 3 spell: Ozocubu's Armour
  1489 | D:1      | Reached XP level 4. HP: 12/30 MP: 1/8
  2358 | D:2      | You fall into a shaft and drop 2 floors!
  2371 | D:4      | Noticed Eustachio
  2389 | D:4      | Killed Eustachio
  2389 | D:4      | Reached XP level 5. HP: 26/35 MP: 5/9
  2389 | D:4      | Reached XP level 6. HP: 31/41 MP: 5/10
  2534 | D:4      | Learned a level 4 spell: Summon Ice Beast
  2616 | D:4      | Reached skill level 1 in Summonings
  2887 | D:3      | Noticed Sigmund
  3642 | D:3      | Found a stormy altar of Qazlal.
  3753 | D:3      | Reached XP level 7. HP: 45/46 MP: 8/11
  3848 | D:3      | Killed Sigmund
  4895 | D:4      | Reached skill level 10 in Ice Magic
  4913 | D:4      | Reached skill level 1 in Fighting
  5042 | D:5      | Entered Level 5 of the Dungeon
  5099 | D:5      | Found a staircase to the Ecumenical Temple.
  5100 | D:5      | Found Heocup's Gadget Boutique.
  5104 | D:5      | Reached skill level 2 in Fighting
  5110 | D:5      | Reached XP level 8. HP: 44/57 MP: 12/12
  5116 | D:5      | Bought a box of beasts (3/3) for 220 gold pieces
  5122 | Temple   | Entered the Ecumenical Temple
  5336 | D:5      | Reached skill level 3 in Fighting
  5611 | D:5      | Noticed Menkaure
  5616 | D:5      | Killed Menkaure
  5652 | D:5      | Reached skill level 4 in Fighting
  6144 | D:5      | Noticed Grinder
  6144 | D:5      | Paralysed by Grinder for 5 turns
  6160 | D:5      | Killed Grinder
  6160 | D:5      | Reached skill level 5 in Dodging
  6401 | Temple   | Became a worshipper of Gozag Ym Sagoz the Greedy
  6554 | D:5      | Reached skill level 5 in Fighting
  6806 | D:6      | Found a glowing silver altar of Zin.
  6851 | D:6      | Found a basalt altar of Yredelemnul.
  7093 | D:6      | Noticed Pikel
  7105 | D:6      | Killed Pikel
  7105 | D:6      | Reached skill level 6 in Fighting
  7105 | D:6      | Reached XP level 9. HP: 71/71 MP: 8/13
  7110 | D:6      | Noticed Duvessa
  7113 | D:6      | Noticed Dowan
  7119 | D:6      | Killed Duvessa
  7119 | D:6      | Reached skill level 7 in Fighting
  7119 | D:6      | Killed Dowan
  7382 | D:6      | Reached skill level 8 in Fighting
  7382 | D:6      | Reached skill level 1 in Shields
  7613 | D:6      | Found Raullawydgh's Magic Scroll Boutique.
  7894 | D:6      | Noticed Edmund
  7904 | D:6      | Killed Edmund
  7965 | D:6      | Noticed a two-headed ogre
  7985 | D:6      | Killed a two-headed ogre
  7985 | D:6      | Reached skill level 5 in Summonings
  8269 | D:6      | Reached skill level 9 in Fighting
  8270 | D:6      | Reached XP level 10. HP: 59/83 MP: 7/14
  8765 | D:7      | Reached skill level 1 in Evocations
  9207 | D:7      | Reached skill level 10 in Fighting
  9272 | D:7      | Found a basalt altar of Yredelemnul.
  9881 | D:7      | Found an ancient bone altar of Kikubaaqudgha.
 10351 | D:7      | Noticed Maggie
 10363 | D:7      | Killed Maggie
 10363 | D:7      | Reached skill level 5 in Evocations
 10535 | D:7      | Learned a level 4 spell: Hailstorm
 10816 | D:7      | Killed an unseen horror
 10913 | D:7      | Got a steaming great mace
 10931 | D:7      | Got a twisted plate armour
 10937 | D:7      | Identified the +10 great mace of Success {vorpal, rPois
                  | Str+3} (You found it on level 7 of the Dungeon)
 10948 | D:7      | Identified the cursed +1 plate armour of Gallantry {*Slow
                  | rF++ rCorr} (You found it on level 7 of the Dungeon)
 11425 | D:8      | Reached skill level 11 in Fighting
 11428 | D:8      | Reached skill level 1 in Conjurations
 11792 | D:8      | Found the +10 tower shield of Ignorance {rN+ Int-4}
 11795 | D:8      | Found a runed translucent door.
 11801 | D:8      | Noticed an orange crystal statue
 11804 | D:8      | Noticed Maurice
 11817 | D:8      | Killed Maurice
 11829 | D:8      | Reached XP level 11. HP: 91/93 MP: 3/17
 11974 | D:8      | Noticed an orange crystal statue
 11979 | D:8      | Found a runed translucent door.
 11979 | D:8      | Noticed an orange crystal statue
 11979 | D:8      | Noticed an orange crystal statue
 12077 | D:9      | Noticed a two-headed ogre
 12086 | D:9      | Killed a two-headed ogre
 12086 | D:9      | Reached skill level 5 in Spellcasting
 12384 | D:9      | Found a staircase to the Lair.
 12676 | D:9      | Got a transparent chain mail
 12710 | D:8      | Identified the +5 chain mail "Ymedoy" {Harm} (You found it
                  | on level 9 of the Dungeon)
 12777 | D:9      | Found Cirph's Antique Weapon Shop.
 13143 | D:9      | Found a runed translucent gate.
 13143 | D:9      | Found a runed translucent gate.
 13143 | D:9      | Found a runed translucent gate.
 13144 | D:9      | Identified the +5 dagger of the Boar {pain, rC+}
 13144 | D:9      | Noticed Ludicrosity's ghost (novice MiFi)
 13702 | D:9      | Found a glowing golden altar of the Shining One.
 13704 | D:9      | Found a snail-covered altar of Cheibriados.
 13706 | D:9      | Found a radiant altar of Vehumet.
 13924 | D:10     | Entered Level 10 of the Dungeon
 14250 | D:10     | Reached skill level 10 in Summonings
 14945 | D:10     | Found a staircase to the Orcish Mines.
 15022 | D:10     | Learned a level 6 spell: Shadow Creatures
 15636 | Lair:1   | Entered Level 1 of the Lair of Beasts
 16371 | Lair:1   | Reached XP level 12. HP: 74/100 MP: 1/21
 17989 | Lair:2   | Reached skill level 10 in Dodging
 18128 | Lair:2   | Noticed a queen ant
 18140 | Lair:2   | Killed a queen ant
 18140 | Lair:2   | Reached skill level 12 in Fighting
 18171 | Lair:2   | Reached skill level 1 in Armour
 18540 | Lair:2   | Noticed a nameless horror
 18795 | Lair:2   | Found a hole to the Spider Nest.
 18832 | Lair:2   | Killed a nameless horror
 19932 | Lair:2   | Found a staircase to the Swamp.
 19992 | Lair:2   | Noticed an eight-headed hydra
 19998 | Lair:2   | Killed an eight-headed hydra
 19998 | Lair:2   | Reached skill level 5 in Armour
 22086 | Lair:4   | Gained mutation: You can hop long distances. [Barachi
                  | growth]
 22086 | Lair:4   | Reached XP level 13. HP: 108/108 MP: 15/22
 22184 | Lair:4   | Noticed Rupert
 22186 | Lair:4   | Paralysed by Rupert for 7 turns
 22610 | Lair:4   | Killed Rupert
 23494 | Lair:5   | Reached skill level 13 in Fighting
 23942 | Lair:5   | Gained mutation: Your magical capacity is low. (-10% MP)
                  | [mutagenic glow]
 23943 | Lair:5   | Lost mutation: Your magical capacity is low. (-10% MP)
                  | [potion of mutation]
 23943 | Lair:5   | Gained mutation: Your spells are a little harder to cast,
                  | but a little more powerful. [potion of mutation]
 23943 | Lair:5   | Gained mutation: You tend to lose your temper in combat.
                  | [potion of mutation]
 23943 | Lair:5   | Gained mutation: You expend magic power (3 MP) to
                  | strengthen your wands. [potion of mutation]
 23944 | Lair:5   | Lost mutation: You expend magic power (3 MP) to strengthen
                  | your wands. [potion of mutation]
 23944 | Lair:5   | Lost mutation: Your spells are a little harder to cast, but
                  | a little more powerful. [potion of mutation]
 23944 | Lair:5   | Lost mutation: You tend to lose your temper in combat.
                  | [potion of mutation]
 23944 | Lair:5   | Gained mutation: You tend to lose your temper in combat.
                  | [potion of mutation]
 23944 | Lair:5   | Gained mutation: You have sharp toenails. [potion of
                  | mutation]
 23944 | Lair:5   | Gained mutation: You are dopey. (Int -2) [potion of
                  | mutation]
 23944 | Lair:5   | Gained mutation: You passively map a small area around you.
                  | [potion of mutation]
 24897 | Lair:5   | Noticed Kirke
 24908 | Lair:5   | Killed Kirke
 25282 | Lair:5   | Got an ichor-stained hat
 25293 | Lair:5   | Identified the +0 hat of Hide-and-Seek {rF+} (You found it
                  | on level 5 of the Lair of Beasts)
 25323 | Lair:5   | Reached skill level 14 in Fighting
 25346 | Lair:5   | Found a runed translucent gate.
 25348 | Lair:5   | Found a runed translucent gate.
 25349 | Lair:5   | Found a runed translucent gate.
 25486 | Lair:5   | Got a wavering platinum amulet
 25487 | Lair:5   | Identified the amulet of Aveizije {Acrobat Slay+3} (You
                  | found it on level 5 of the Lair of Beasts)
 25651 | Lair:6   | Entered Level 6 of the Lair of Beasts
 26544 | Lair:6   | Reached XP level 14. HP: 120/120 MP: 13/25
 28004 | Lair:6   | Found a staircase to the Slime Pits.
 28192 | Lair:6   | Got a masterwork morningstar
 28193 | Lair:6   | Identified the +8 morningstar of War {flame, rN++ Stlth+}
                  | (You found it on level 6 of the Lair of Beasts)
 28471 | Orc:1    | Entered Level 1 of the Orcish Mines
 28808 | Orc:1    | Found Fosuth's Armour Boutique.
 28826 | Orc:1    | Found a dark tunnel.
 28844 | Volcano  | Entered a volcano
 29247 | Volcano  | Found a bloodstained altar of Trog.
 29415 | Volcano  | Noticed a red draconian
 29458 | Volcano  | Killed a red draconian
 29680 | Orc:1    | Bought a +2 pair of boots of flying for 215 gold pieces
 29875 | Orc:2    | Entered Level 2 of the Orcish Mines
 30192 | Orc:2    | Noticed Saint Roka
 30493 | Orc:2    | Paralysed by an orc sorcerer for 3 turns
 30565 | Orc:2    | Reached skill level 15 in Fighting
 30754 | Orc:2    | Killed Saint Roka
 31243 | Orc:2    | Noticed an orc warlord
 31264 | Orc:2    | Killed an orc warlord
 31560 | Orc:2    | Found a staircase to the Elven Halls.
 31743 | Orc:2    | Found Utufaed's Assorted Antiques.
 31761 | Orc:2    | Gained mutation: You are clumsy. (Dex -2) [mutagenic glow]
 32460 | Orc:2    | Reached XP level 15. HP: 123/130 MP: 16/27
 32694 | Orc:2    | Found Beceiruc's Distillery.
 32698 | Orc:2    | Found Piturchek's Antique Weapon Boutique.
 32698 | Orc:2    | Found Eshraefu's Assorted Antiques.
 32805 | Orc:2    | Bought a dented diamond amulet for 150 gold pieces
 32805 | Orc:2    | Bought a potion of mutation for 240 gold pieces
 32805 | Orc:2    | Bought a paperback book for 450 gold pieces
 32805 | Orc:2    | Bought a blackened pearl ring for 150 gold pieces
 32822 | Orc:2    | Bought 3 scrolls of fear for 388 gold pieces
 32822 | Orc:2    | Bought a scroll of teleportation for 111 gold pieces
 32822 | Orc:2    | Bought a papyrus book for 555 gold pieces
 32824 | Orc:2    | Bought a potion of haste for 140 gold pieces
 32824 | Orc:2    | Bought a potion of magic for 112 gold pieces
 32824 | Orc:2    | Bought a potion of magic for 112 gold pieces
 32824 | Orc:2    | Bought a potion of haste for 140 gold pieces
 33105 | D:6      | Bought a scroll of identify for 30 gold pieces
 33105 | D:6      | Bought a scroll of identify for 30 gold pieces
 33105 | D:6      | Bought a scroll of brand weapon for 300 gold pieces
 33105 | D:6      | Bought a scroll of identify for 30 gold pieces
 33105 | D:6      | Bought a scroll of magic mapping for 52 gold pieces
 33105 | D:6      | Bought a scroll of identify for 30 gold pieces
 33266 | Swamp:1  | Entered Level 1 of the Swamp
 33300 | Swamp:1  | Found a transporter.
 33300 | Swamp:1  | Noticed Carnifexus's ghost (journeyman MiBe)
 33329 | Swamp:1  | Found a frozen archway.
 33357 | IceCv    | Entered an ice cave
 34252 | IceCv    | Reached skill level 16 in Fighting
 34676 | IceCv    | Reached skill level 10 in Armour
 34695 | IceCv    | Learned a level 5 spell: Summon Forest
 35404 | IceCv    | Reached skill level 1 in Staves
 35411 | IceCv    | Reached skill level 1 in Translocations
 37141 | IceCv    | HP: 6/131 [blizzard demon/bolt of lightning (34)]
 37644 | IceCv    | Got a fine ring mail
 37655 | IceCv    | Identified the +3 ring mail of Fehoo {+Fly rC+} (You found
                  | it in an ice cave)
 38005 | Swamp:1  | Found a transporter.
 38046 | Swamp:1  | Noticed a tentacled monstrosity
 38057 | Swamp:1  | Killed a tentacled monstrosity
 38169 | Swamp:1  | Slain by a swamp worm

Illustrated notes

Levels and vault maps discovered:
D:1:      ebering_trefoil_twist, layout_loops_cross, serial_bayou,
          serial_bayou_pond_d, serial_bayou_shore_a, serial_bayou_pond_a,
          serial_bayou_pond_d, serial_bayou_crossing, minmay_cut_off
D:2:      layout_basic, feat_on_display
D:3:      layout_rooms, grunt_qazlal_clouds, uniq_sigmund
D:4:      layout_basic, uniq_eustachio
D:5:      layout_gridville, minmay_temple_entry_drinking_statues, serial_shops,
          shop, uniq_menkaure, uniq_grinder
D:6:      layout_gridville, lemuel_doored_altar, serial_shops, kennysheep_mini,
          basic_altar, uniq_edmund, uniq_pikel, uniq_duvessa
D:7:      minmay_the_grid_octo_tiled_octocenter [minmay_the_grid_octo_checkered,
          minmay_the_grid_octo_checkerflower,
          minmay_the_grid_octo_tetromino_candy, minmay_the_grid_octo_concentric,
          minmay_the_grid_octo_prize_single_spiral,
          minmay_the_grid_square_5x5_doubleslash,
          minmay_the_grid_square_5x5_hourglass,
          minmay_the_grid_square_5x5_almost_minimal,
          minmay_the_grid_square_5x5_inner_z], layout_basic,
          kennysheep_little_box, lemuel_mausoleum_altar_yredelemnul, uniq_maggie
D:8:      layout_rooms, chequers_guarded_unrand_ignorance, uniq_maurice
D:9:      layout_cave_pods, grunt_temple_overflow_open, erik_lair_island,
          gammafunk_ghost_nasty_kobolds, serial_shops, nicolae_shop_statue_plus
D:10:     layout_rooms, hiddenorc2_lemuel
Temple:   regret_index_temple_waves
Lair:1:   layout_layer_cave
Lair:2:   layout_misc_corridors, nicolae_swamp_entry_splash_gauntlet,
          spider_nest_entry_web_field, minmay_another_anthill
Lair:3:   layout_layer_cave
Lair:4:   layout_misc_corridors, serial_bayou_lake_a, serial_bayou_shore_b,
          infiniplex_staircase_pool_2, uniq_rupert
Lair:5:   gammafunk_indiana_jones, layout_long_grid, serial_bayou,
          serial_bayou_lagoon_a, serial_bayou_pond_c, serial_bayou_pond_c,
          serial_bayou_ford_a, serial_bayou_shore_b, uniq_kirke
Lair:6:   grunt_lair_end_beastmaster, layout_long_grid,
          minmay_slime_entry_oklob_enclosed
Swamp:1:  layout_falls_marsh, gammafunk_ghost_mausoleum,
          portal_ice_cave_entry_dragon, evilmike_swamp_ruin_rubble_2,
          infiniplex_staircase_pool
Orc:1:    layout_caves, serial_shops, shop, nicolae_volcano_entry_s_turn
Orc:2:    st_orc_elflike, layout_caves, uniq_saint_roka

Skill      XL: |  1  2  3  4  5  6  7  8  9 10 11 12 13 14 15 |
---------------+----------------------------------------------+-----
Ice Magic      | 5 6 8 10 | 10.2
Spellcasting   | 3 4 6 7 8 |  8.0
Summonings     | 2 3 5 10 11 13 | 13.0
Fighting       | 2 6 9 11 12 14 15 16 | 16.0
Dodging        | 3 6 7 8 9 11 12 13 | 13.0
Shields        | 4 |  4.0
Evocations     | 5 7 |  7.0
Conjurations   | 3 |  3.0
Armour         | 7 9 10 | 10.0
Staves         | 3 |  3.0
Translocations | 4 |  4.0
Stealth        | |  1.7

Action                   |  1- 3 |  4- 6 |  7- 9 | 10-12 | 13-15 || total
-------------------------+-------+-------+-------+-------+-------++-------
Melee: Unarmed           |    16 |       |       |       |       ||    16
       Short sword       |    17 |    11 |       |       |       ||    28
       Falchion          |       |    79 |   177 |   310 |   138 ||   704
       Staff             |       |       |       |   108 |   402 ||   510
       Kick              |       |       |       |       |    45 ||    45
Throw: Throwing net      |       |     1 |       |       |       ||     1
       Dart              |       |       |     7 |    16 |     8 ||    31
 Cast: Freeze            |    35 |    10 |    22 |    72 |    81 ||   220
       Ozocubu's Armour  |     4 |     7 |     9 |    44 |    66 ||   130
       Frozen Ramparts   |       |    15 |    30 |    70 |    76 ||   191
       Summon Ice Beast  |       |       |    21 |    94 |    74 ||   189
       Hailstorm         |       |       |       |    30 |    28 ||    58
       Shadow Creatures  |       |       |       |    11 |    81 ||    92
       Summon Forest     |       |       |       |       |     2 ||     2
 Abil: Hop               |     1 |     1 |     1 |     5 |     9 ||    17
       Evoke Invisibilit |       |       |       |     6 |    32 ||    38
Evoke: Box of beasts     |       |       |     2 |     4 |     5 ||    11
       Phial of floods   |       |       |       |     1 |     1 ||     2
       Wand              |       |       |       |    33 |     7 ||    40
       Phantom mirror    |       |       |       |     2 |     2 ||     4
  Use: Scroll            |     1 |     2 |     9 |    13 |    10 ||    35
       Potion            |       |     1 |       |     5 |     7 ||    13
 Stab: Sleeping          |     1 |     4 |     3 |     5 |     1 ||    14
       Distracted        |       |     1 |       |     1 |     5 ||     7
       Invisible         |       |       |       |     3 |    12 ||    15
       Paralysed         |       |       |       |     5 |     5 ||    10
Armor: Leather armour    |    10 |     1 |       |       |       ||    11
       Ring mail         |       |    35 |     5 |       |    28 ||    68
       Robe              |       |       |    47 |    19 |       ||    66
       Steam dragon scal |       |       |       |   133 |   223 ||   356
Dodge: Dodged            |    40 |    64 |   139 |   625 |   739 ||  1607
Block: Buckler           |     5 |    10 |    28 |   157 |   192 ||   392
       Rpst.: Falchion   |       |    12 |    46 |    95 |    28 ||   181

Table legend: (Time is in decaauts)
 A = Elapsed time spent in this place.
 B = Non-inter-level travel time spent in this place.
 C = Inter-level travel time spent in this place.
 D = Time resting spent in this place.
 E = Time spent auto-exploring this place.
 F = Levels seen in this place.
 G = Mean time per level.
                   A        B        C        D        E       F      G
               +--------+--------+--------+--------+--------+-----+--------+
         Total |  41519 |  39334 |   2185 |  14807 |  17365 |  22 | 1887.2 |
       Dungeon |  17480 |  16261 |   1219 |   4319 |   8625 |  10 | 1748.0 |
        Temple |    289 |    132 |    157 |      0 |    130 |   1 |  289.0 |
          Lair |  13966 |  13416 |    550 |   5091 |   6602 |   6 | 2327.7 |
         Swamp |    301 |    301 |      0 |      0 |    129 |   1 |  301.0 |
  Orcish Mines |   3890 |   3632 |    258 |   1809 |   1039 |   2 | 1945.0 |
      Ice Cave |   4860 |   4860 |      0 |   3318 |    656 |   1 | 4860.0 |
       Volcano |    732 |    732 |      0 |    268 |    183 |   1 |  732.0 |
               +--------+--------+--------+--------+--------+-----+--------+

Top non-repeatable levels by time:
   IceCv: 4860 daAuts
     D:7: 3231 daAuts
  Lair:6: 2844 daAuts
  Lair:1: 2834 daAuts
  Lair:2: 2362 daAuts
   Orc:2: 2313 daAuts
     D:9: 2259 daAuts
  Lair:4: 2103 daAuts
  Lair:5: 1993 daAuts
     D:1: 1973 daAuts
  Lair:3: 1828 daAuts
     D:6: 1703 daAuts
   Orc:1: 1577 daAuts
     D:2: 1528 daAuts
     D:5: 1515 daAuts
